Map: Kairos Junction LE

Players

Krystianer

  • Race: Protoss Protoss
  • League: Grandmaster
  • Spawn Location: 5:00

Lambo - Winner!

  • Race: Zerg Zerg
  • League: Grandmaster
  • Spawn Location: 11:00

VOD

Have the link to the VOD?

Description

Time

  • Played on: Dec. 4, 2018, 1:39 p.m.
  • Length: 13:18
Show
View Real Time Build Order
Export as new Build Order

Krystianer Protoss 

Build Orders: 1 Gate Expand, Oracle Opening, Phoenix Opening, Archon Immortal 

Get SALT Encoding   

  12  0:00  Probe  
  13  0:12  Probe  
  14  0:17  Pylon  
  14  0:23  Probe  
  15  0:32  Probe  
  15  0:39  Gateway  
  15  0:40  Probe  
  16  0:48  Assimilator  
  17  0:51  Probe  
  18  1:01  Probe  
  19  1:09  Probe  
  19  1:17  Probe  
  21  1:28  Nexus  
  21  1:38  Cybernetics Core  
  21  1:43  Assimilator  
  21  1:47  Probe  
  22  1:54  Pylon  
  22  1:59  Probe  
  23  2:05  Adept  
  23  2:12  Probe  
  26  2:18  Stargate  
  26  2:24  Probe  
  26  2:27  Warp Gate  
  27  2:31  Adept  
  27  2:36  Probe  
  27  2:37  Probe  
  31  2:44  Probe  
  31  2:49  Probe  
  33  2:55  Probe  
  34  3:01  Probe  
  34  3:03  Phoenix  
  34  3:05  Probe  
  38  3:13  Probe x2  
  40  3:21  Probe  
  40  3:22  Gateway  
  40  3:25  Oracle, Probe  
  42  3:31  Pylon  
  42  3:33  Probe  
  46  3:46  Gateway  
  46  3:48  Gateway  
  46  3:49  Probe  
  46  3:52  Twilight Council, Probe  
  48  3:57  Oracle  
  48  4:00  Assimilator  
  48  4:07  Assimilator, Pylon  
  48  4:08  Probe x2  
  53  4:14  Pylon  
  53  4:16  Probe  
  53  4:18  Resonating Glaives  
  53  4:24  Probe  
  54  4:25  Probe  
  56  4:36  Adept x2  
  60  4:41  Adept  
  60  4:43  Adept  
  60  4:45  Pylon  
  64  4:56  Pylon  
  64  5:02  Adept x3  
  68  5:13  Nexus  
  68  5:24  Adept x4  
  76  5:34  Robotics Facility  
  76  5:35  Robotics Facility  
  76  5:41  Probe, Pylon  
  77  5:43  Probe  
  78  5:53  Probe  
  78  5:54  Probe  
  80  6:01  Probe  
  74  6:06  Probe  
  74  6:09  Probe  
  74  6:13  Sentry x2  
  74  6:14  Sentry x2  
  74  6:17  Probe  
  74  6:18  Probe  
  80  6:21  Probe  
  80  6:24  Immortal x2  
  80  6:25  Probe  
  88  6:29  Probe  
  88  6:30  Probe  
  88  6:36  Probe  
  88  6:39  Probe  
  84  6:42  Probe  
  84  6:44  Gateway  
  84  6:47  Gateway x2  
  84  6:49  Probe, Sentry x2  
  84  6:50  Gateway  
  84  6:52  Immortal  
  84  6:53  Assimilator  
  89  6:56  Assimilator  
  89  7:00  Immortal  
  89  7:08  Charge, Pylon  
  97  7:12  Templar Archives  
  97  7:13  Probe  
  98  7:23  Immortal  
  98  7:25  Pylon  
  98  7:30  Zealot  
  98  7:33  Zealot  
  98  7:34  Warp Prism  
  108  7:44  Zealot x2  
  108  7:46  Zealot  
  108  7:47  Pylon  
  108  7:49  High Templar x2  
  118  7:55  Archon  
  118  7:56  High Templar  
  118  7:57  High Templar, Zealot  
  124  7:59  Pylon  
  124  8:03  Archon  
  124  8:06  Pylon  
  124  8:11  Zealot x3  
  130  8:16  Pylon  
  130  8:18  Pylon  
  130  8:26  Robotics Bay  
  130  8:32  Archon  
  130  8:33  Archon x3  
  130  8:36  Zealot x8  
  130  8:39  Pylon  
  130  8:57  Zealot x5  
  130  8:58  Zealot x3  
  130  9:02  Immortal  
  118  9:21  Immortal, Zealot  
  118  9:22  Zealot x5  
  118  9:42  Sentry x3  
  118  9:43  Zealot, Sentry  
  118  9:44  Zealot x2  
  136  9:55  Disruptor  
  134  10:03  Disruptor  
  136  10:07  High Templar  
  136  10:08  High Templar x5  
  136  10:09  High Templar, Zealot  
  136  10:13  Archon x2, Pylon  
  136  10:14  Archon  
  151  10:21  Probe  
  151  10:24  Disruptor  
  151  10:25  Probe x2  
  153  10:33  Probe  
  156  10:38  Disruptor  
  159  10:47  Nexus, High Templar, Zealot x2  
  159  10:48  Pylon  
  165  10:52  Archon  
  165  10:55  Pylon  
  165  11:01  Observer  
  166  11:14  Disruptor  
  166  11:17  Zealot x4  
  173  11:22  Immortal  
  175  11:27  Stalker x2  
  152  11:45  Immortal  
  150  11:48  Zealot  
  156  11:54  Pylon  
  156  11:57  Pylon x2  
  155  12:03  Pylon  
  155  12:05  Pylon, Zealot x2  
  152  12:12  High Templar  
  152  12:13  High Templar  
  148  12:29  Zealot x2  
  148  12:33  Pylon  
  148  12:35  Pylon  
  148  12:37  Pylon  
  108  12:55  Zealot x2  
Show
View Real Time Build Order
Export as new Build Order

Lambo Zerg - Winner!

Build Orders: Hatch First, Lurkers, Roach Hydra 

Get SALT Encoding   

  12  0:00  Drone  
  13  0:13  Overlord  
  13  0:17  Drone  
  14  0:32  Drone x2  
  16  0:48  Hatchery  
  15  0:52  Drone  
  15  0:55  Drone  
  17  0:59  Drone  
  18  1:09  Extractor  
  17  1:13  Spawning Pool  
  17  1:16  Drone  
  17  1:20  Drone  
  18  1:29  Drone  
  19  1:40  Drone  
  20  1:57  Overlord  
  20  2:00  Queen x2  
  24  2:01  Zergling x4  
  26  2:09  Metabolic Boost  
  26  2:11  Drone  
  26  2:13  Drone  
  28  2:21  Drone  
  29  2:24  Drone  
  30  2:33  Drone  
  31  2:39  Hatchery  
  31  2:42  Drone  
  31  2:43  Drone  
  32  2:47  Overlord  
  32  2:54  Drone  
  33  2:59  Spore Crawler  
  33  3:01  Drone  
  33  3:11  Drone x2  
  33  3:12  Drone x2  
  36  3:13  Drone  
  36  3:18  Queen  
  36  3:19  Drone, Overlord  
  40  3:20  Drone x2  
  40  3:25  Overlord  
  42  3:38  Drone x2  
  44  3:43  Drone x2  
  44  3:44  Drone  
  44  3:47  Drone  
  48  3:51  Spore Crawler  
  48  3:53  Zergling x6  
  48  3:54  Queen  
  52  3:58  Spore Crawler  
  52  4:00  Overlord  
  52  4:02  Queen  
  53  4:03  Zergling x4  
  55  4:13  Zergling x4  
  55  4:15  Drone  
  58  4:18  Overlord  
  58  4:21  Drone x3  
  61  4:25  Roach Warren  
  61  4:27  Drone x4  
  61  4:30  Drone  
  63  4:37  Drone x2  
  62  4:41  Drone  
  62  4:44  Lair  
  63  4:46  Drone x2  
  63  4:50  Drone x3  
  67  4:54  Extractor  
  67  4:55  Extractor  
  67  4:56  Drone  
  67  4:57  Overlord  
  66  5:02  Zergling x2  
  66  5:06  Spore Crawler  
  64  5:09  Zergling x6  
  64  5:10  Drone x2  
  68  5:17  Drone x2  
  68  5:18  Drone, Overlord  
  68  5:21  Drone x6  
  73  5:28  Drone  
  78  5:31  Roach x2, Evolution Chamber  
  80  5:38  Roach  
  80  5:39  Roach  
  80  5:42  Roach  
  86  5:51  Roach  
  86  5:52  Roach  
  86  5:56  Roach  
  90  5:59  Overlord  
  90  6:00  Drone  
  84  6:06  Drone x4  
  84  6:08  Drone x2  
  86  6:14  Drone x4  
  89  6:20  Drone x2  
  89  6:21  Zerg Missile Weapons Level 1  
  89  6:22  Extractor  
  89  6:24  Extractor  
  89  6:25  Hydralisk Den  
  88  6:28  Glial Reconstitution  
  87  6:35  Drone x6  
  88  6:40  Extractor  
  88  6:43  Drone x2  
  88  6:44  Drone x2  
  88  6:45  Drone  
  91  6:54  Roach x3  
  91  6:58  Overlord  
  91  7:00  Overlord  
  96  7:08  Overlord  
  96  7:10  Overlord  
  96  7:11  Overlord x2, Lurker Den  
  96  7:13  Overlord  
  95  7:20  Drone x4  
  95  7:21  Hatchery  
  98  7:26  Roach x3, Zergling x2  
  98  7:27  Overseer, Roach x3  
  111  7:35  Roach  
  112  7:42  Hydralisk x5  
  112  7:44  Hydralisk x2  
  122  7:48  Hydralisk x2  
  122  7:49  Hydralisk  
  132  8:03  Overlord  
  132  8:08  Zergling x12  
  132  8:11  Grooved Spines, Pneumatized Carapace  
  137  8:18  Overlord  
  137  8:19  Overlord x2  
  137  8:20  Zergling x8  
  137  8:26  Hydralisk x5  
  151  8:35  Zerg Missile Weapons Level 2, Ravager x2  
  151  8:37  Roach x3  
  151  8:38  Roach  
  161  8:41  Roach x2  
  161  8:42  Zergling x4  
  161  8:45  Roach x2  
  156  8:56  Roach x6  
  156  8:57  Zergling x2  
  156  8:59  Roach  
  156  9:02  Roach  
  158  9:05  Roach x2  
  158  9:08  Roach x2  
  158  9:09  Hydralisk  
  143  9:14  Hydralisk  
  143  9:15  Roach x2  
  138  9:21  Drone  
  138  9:22  Hydralisk x3  
  138  9:23  Muscular Augments  
  145  9:25  Lurker  
  145  9:29  Hydralisk  
  145  9:30  Roach  
  146  9:35  Hydralisk x3  
  148  9:41  Hydralisk  
  148  9:42  Hydralisk  
  148  9:44  Drone  
  148  9:45  Drone x2  
  155  9:47  Extractor  
  155  9:48  Extractor  
  155  9:49  Queen, Ravager  
  155  9:51  Hydralisk  
  158  9:59  Lurker  
  156  10:01  Hydralisk x2  
  156  10:02  Roach  
  156  10:06  Roach x2  
  166  10:13  Zergling x16  
  174  10:15  Overlord  
  174  10:18  Overlord  
  170  10:31  Hydralisk x4  
  170  10:35  Roach  
  178  10:42  Overlord  
  178  10:43  Lurker  
  178  10:44  Lurker x2  
  178  10:46  Hydralisk  
  183  10:51  Zerg Ground Armor Level 1  
  183  10:53  Hydralisk x2  
  183  10:55  Lurker  
  187  11:01  Drone x5  
  187  11:03  Drone  
  187  11:04  Drone  
  186  11:06  Drone  
  183  11:17  Infestation Pit  
  182  11:18  Hydralisk x3  
  184  11:27  Hydralisk x3  
  185  11:41  Hydralisk x4  
  189  11:54  Hive  
  189  11:55  Drone x4, Spire  
  189  11:56  Drone  
  193  12:07  Hatchery  
  182  12:12  Zergling x16  
  187  12:33  Hydralisk x6  
  199  12:38  Hydralisk x2  
  199  12:43  Hydralisk x3  
  183  12:49  Hydralisk x3  
  181  12:53  Hydralisk x2  
Tags
 
Add a new tag
Caveats
  • Supply blocks, unpowered buildings, or Contaminate may cause inaccurate times.
  • Supply counts are checked every 10 seconds.